 Dungeon Crawl Stone Soup version 0.28.0-53-g5a82cb258f (webtiles) character file.

Game seed: 5034192233966236433

3895 Zeld the Destroyer (level 10, 0/83 HPs)
             Began as a Black Draconian Conjurer on May 22, 2022.
             Was a Follower of Vehumet.
             Slain by Harold
             ... wielding a +0 dire flail
              (19 damage)
             ... on level 6 of the Dungeon.
             The game lasted 00:09:15 (11977 turns).

Zeld the Destroyer (Black Draconian Conjurer)      Turns: 11977, Time: 00:09:15

Health: 0/83       AC:  7    Str: 11    XL:     10   Next: 0%
Magic:  10/21      EV: 12    Int: 22    God:    Vehumet [*.....]
Gold:   292        SH:  0    Dex:  9    Spells: 13/24 levels left

rFire   . . .      SeeInvis .   (no weapon)
rCold   . . .      Faith    .   (no shield)
rNeg    . . .      Spirit   .   (armour unavailable)
rPois   .          Reflect  .   (helmet restricted)
rElec   +          Harm     .   (no cloak)
rCorr   .          Rampage  .   (no gloves)
Will    .....                   (no boots)
Stlth   +++.......              (no amulet)
HPRegen 0.23/turn               (no ring)
MPRegen 0.17/turn               (no ring)

@: marked
A: breathe lightning, AC +7, unfitting armour, electricity resistance,
cold-blooded
a: Breathe Lightning, Renounce Religion


You were on level 6 of the Dungeon.
You worshipped Vehumet.
Vehumet was aware of your devotion.
You visited 2 branches of the dungeon, and saw 8 of its levels.

You collected 292 gold pieces.

Inventory:

Jewellery
 u - an amulet of guardian spirit
 y - a ring of willpower
 B - an amulet of the acrobat
Wands
 v - a wand of digging (3)
Scrolls
 a - 8 scrolls of identify {unknown}
 c - 4 scrolls of silence {unknown}
 d - 3 scrolls of enchant weapon {unknown}
 f - 2 scrolls of vulnerability {unknown}
 g - 6 scrolls of fog {unknown}
 i - 2 scrolls of magic mapping {unknown}
 k - 3 scrolls of blinking {unknown}
 l - a scroll of fear {unknown}
 m - 3 scrolls of amnesia {unknown}
 o - 2 scrolls of immolation {unknown}
 q - a scroll of brand weapon {unknown}
 z - a scroll of teleportation {unknown}
 A - a scroll of enchant armour {unknown}
Potions
 b - 3 potions of flight {unknown}
 e - a potion of berserk rage {unknown}
 h - a potion of attraction {unknown}
 j - 2 potions of haste {unknown}
 n - 3 potions of curing {unknown}
 p - a potion of degeneration {unknown}
 r - a potion of mutation {unknown}
 s - a potion of cancellation {unknown}
 t - a potion of heal wounds {unknown}
 w - a potion of brilliance {unknown}
 x - a potion of invisibility {unknown}


   Skills:
 + Level 6.0 Fighting
 - Level 1.7 Dodging
 + Level 5.8 Stealth
 * Level 7.7 Spellcasting
 * Level 9.1 Conjurations
 - Level 2.0 Hexes
 - Level 2.0 Translocations


You had 13 spell levels left.
You knew the following spells:

 Your Spells              Type           Power      Damage    Failure   Level
a - Magic Dart            Conj           100%       1d8       1%          1
b - Searing Ray           Conj           96%        2d7       1%          2
c - Fulminant Prism       Conj/Hex       16%        3d11      8%          4
d - Iskenderun's Mystic   Conj/Tloc      33%        2d8       8%          4

Your spell library contained the following spells:

 Spells                   Type           Power      Damage    Failure   Level
 Sandblast                Erth           16%        2d6       8%          1
 Dazzling Flash           Conj/Hex       66%        N/A       2%          3
 Apportation              Tloc           34%        N/A       3%          1
 Animate Skeleton         Necr           16%        N/A       8%          1
 Pain                     Necr           32%        1d5       8%          1
 Summon Small Mammal      Summ           32%        N/A       8%          1
 Vampiric Draining        Necr           8%         2d6       22%         3


Dungeon Overview and Level Annotations

Branches:
Dungeon (7/15)             Temple (1/1) D:6

Altars:
Ashenzari
Cheibriados
Elyvilon
Fedhas
Gozag
Hepliaklqana
Nemelex Xobeh
Qazlal
Ru
Sif Muna
Uskayaw
Vehumet
Xom
Yredelemnul
The Shining One
Lugonu

Shops:
D:2 (

Annotations:
D:6 Harold


Innate Abilities, Weirdness & Mutations

You can breathe wild blasts of lightning.
Your glossy black scales are hard. (AC +7)
You cannot fit into any form of body armour.
You are resistant to electric shocks. (rElec)
You are cold-blooded and may be slowed by cold attacks.


Message History

Aiming: Dig
Press: ? - help, Shift-Dir - straight line Digging in that direction won't affect any walls.
A stone wall.
Okay, then.
Harold barely misses you. Harold hits you with a +0 dire flail.
* * * LOW HITPOINT WARNING * * *
Harold fires a harpoon shot at you. The harpoon shot misses you.
Things that are here:
a +2 kite shield; a +0 hand axe
There is an open door here.
There is an open door here.
Harold throws a throwing net.
The throwing net misses you.
You see here a throwing net.
You close the door.
Harold breaks down the door.
Harold gestures at you while chanting. The mark upon you grows brighter.
Harold points at you and mumbles some strange words.
The mark upon you grows brighter. Harold gestures at you while chanting.
The mark upon you grows brighter.
Harold throws a throwing net.
The throwing net hits you.
You become entangled in the net!
You see here a throwing net.
Harold is nearby!
You struggle against the net.
You struggle against the net.
Harold fires a harpoon shot at you. The harpoon shot hits you!
* * * LOW HITPOINT WARNING * * *
You are yanked forward by the harpoon shot.
You see here a throwing net.
Aiming: Dig
Press: ? - help, Shift-Dir - straight line A rock wall.
The rock shatters into small pieces.
Harold hits you with a +0 dire flail!!
You die...

..##...####.[.#.
#..####.#.#.###
.##.......##>## #..[.)..#.#.#
##.........### #.........#.#
......@......# #..)#######.#
##...#.......# #..[........#
.##..#.......# #...)..#..###
..##.#.......# #....#)#..#
...#.#.############.#.##.#..#
#..#.#........l@@.#.#)##.#..#
####.############.#.#.##.#.)#
.....#..........##..#.##.#..#
######.########.# #.#.##.#..#
.......# #.# #...##.#..#
######.# #.# #.#.##.#..#####
#.# #.# #.#..#.#..).... #.#
#.# #.#....#).##### #.#
#####'###'#...........#


You could see Harold and a komodo dragon.

Vanquished Creatures
  A hornet (D:7)
  Sigmund (D:4)
  A wyvern (D:4)
  Menkaure (D:6)
  An orc warrior (D:6)
  An ice beast (D:5)
  3 necrophages
  3 black bears
  A sky beast (D:6)
  3 ogres
  2 phantoms
  A kobold brigand (D:7)
  A bullfrog (D:6)
  A wyvern zombie (D:5)
  A wyvern skeleton (D:6)
  3 scorpions
  A water moccasin skeleton (D:6)
  3 killer bees (D:7)
  9 wights
  A howler monkey (D:6)
  2 centaur zombies
  A hound (D:4)
  3 jellies
  2 orc priests (D:6)
  A bullfrog skeleton (D:4)
  4 iguanas
  Natasha (thrice) (D:2)
  An orc wizard (D:6)
  A hound skeleton (D:4)
  A howler monkey zombie (D:7)
  4 gnolls (D:4)
  9 adders
  2 shadow imps (D:6)
  A white imp (D:5)
  2 ufetubi
  2 worms
  A dart slug (D:1)
  15 orcs
  8 ball pythons
  10 bats
  6 endoplasms
  4 giant cockroaches
  8 goblins
  2 hobgoblins (D:3)
  3 quokkas
  6 frilled lizards
  16 kobolds
  5 rats
162 creatures vanquished.

Notes
Turn   | Place    | Note
-------+----------+-------------------------------------------
     0 | D:1      | Zeld the Draconian Conjurer began the quest for the Orb.
     0 | D:1      | Reached XP level 1. HP: 14/14 MP: 3/3
   224 | D:1      | Reached XP level 2. HP: 16/22 MP: 0/5
   471 | D:1      | Learned a level 2 spell: Searing Ray
   995 | D:1      | Found a faded altar of an unknown god.
  1068 | D:1      | Reached skill level 1 in Fighting
  1238 | D:2      | Reached XP level 3. HP: 28/28 MP: 2/6
  1722 | D:2      | Noticed Natasha
  1727 | D:2      | Killed Natasha
  1728 | D:2      | Reached XP level 4. HP: 35/35 MP: 2/8
  1920 | D:2      | Noticed Natasha
  1957 | D:2      | Killed Natasha
  2142 | D:2      | Found Veytuathre's Antique Weapon Shoppe.
  2460 | D:2      | Noticed Natasha
  2467 | D:2      | Killed Natasha
  2468 | D:2      | Reached XP level 5. HP: 41/41 MP: 2/9
  2570 | D:2      | Found Veytuathre's Antique Weapon Shoppe.
  3283 | D:3      | Reached skill level 5 in Conjurations
  3582 | D:3      | Found a broken altar of Ashenzari.
  4427 | D:4      | Noticed an ogre
  4433 | D:4      | Killed an ogre
  4434 | D:4      | Reached XP level 6. HP: 50/50 MP: 5/11
  4439 | D:4      | Learned a level 4 spell: Fulminant Prism
  4444 | D:4      | Learned a level 4 spell: Iskenderun's Mystic Blast
  5233 | D:4      | Noticed Sigmund
  5722 | D:4      | Killed Sigmund
  5723 | D:4      | Reached skill level 1 in Translocations
  5723 | D:4      | Your scales start taking on a glossy black colour.
  5723 | D:4      | Reached XP level 7. HP: 39/56 MP: 2/13
  5723 | D:4      | Gained mutation: You are resistant to electric shocks.
                  | (rElec) [Black Draconian growth]
  5969 | D:4      | Reached skill level 1 in Hexes
  6036 | D:4      | Noticed a wyvern
  6044 | D:4      | Killed a wyvern
  6045 | D:4      | Reached skill level 6 in Conjurations
  6408 | D:5      | Entered Level 5 of the Dungeon
  6430 | D:5      | Found a radiant altar of Vehumet.
  6437 | D:5      | Became a worshipper of Vehumet
  6874 | D:5      | Reached XP level 8. HP: 55/63 MP: 6/15
  6956 | D:5      | Reached skill level 5 in Spellcasting
  7605 | D:5      | Found a glowing golden altar of the Shining One.
  7619 | D:5      | Found an opulent altar of Gozag.
  7911 | D:5      | Found a shimmering blue altar of Sif Muna.
  7914 | D:5      | Found a blossoming altar of Fedhas.
  8014 | D:6      | Reached skill level 7 in Conjurations
  8267 | D:6      | Noticed Menkaure
  8273 | D:6      | Killed Menkaure
  8769 | D:6      | Noticed a komodo dragon
  8784 | D:6      | Reached XP level 9. HP: 30/73 MP: 1/18
  8817 | D:6      | Reached * piety under Vehumet
  8817 | D:6      | Offered knowledge of Sandblast by Vehumet.
  9431 | D:6      | Reached skill level 5 in Fighting
  9458 | D:6      | Reached skill level 5 in Stealth
  9458 | D:6      | Reached skill level 8 in Conjurations
 10373 | D:6      | Found a staircase to the Ecumenical Temple.
 10688 | Temple   | Entered the Ecumenical Temple
 11494 | D:7      | Found a basalt altar of Yredelemnul.
 11771 | D:7      | Reached skill level 9 in Conjurations
 11922 | D:7      | Reached XP level 10. HP: 66/83 MP: 5/21
 11924 | D:7      | Noticed Harold
 11977 | D:6      | Slain by Harold

Illustrated notes

Levels and vault maps discovered:
D:1:      tarquinn_simple_flora_water_d, layout_loops_ring,
          hellmonk_ecumenical_altar_pennies_from_heaven, corexii_corridor_pit,
          minmay_pentomino_s4
D:2:      layout_rooms, serial_shops, nicolae_diamond_shop, uniq_natasha
D:3:      layout_basic, ashenzari_altar_1
D:4:      layout_layer_cave, uniq_sigmund
D:5:      layout_loops_ring, grunt_temple_overflow_cloverleaf,
          fiery_altar_vehumet
D:6:      cheibrodos_barr_body, layout_basic,
          minmay_temple_entry_drinking_statues, grunt_ministairs_5,
          uniq_menkaure
D:7:      layout_rooms, kennysheep_mini, lemuel_tele_altar,
          kennysheep_okawaru_gauntlet, biasface_ghost_orc_armoury,
          uniq_crazy_yiuf_cottage, uniq_harold, uniq_joseph
Temple:   corrupted_temple

Skill      XL: |  1  2  3  4  5  6  7  8  9 |
---------------+----------------------------+-----
Stealth        | 2 3 4 5 |  5.8
Fighting       | 1 2 3 4 6 |  6.0
Spellcasting   | 3 4 6 7 |  7.7
Conjurations   | 5 6 7 9 |  9.1
Translocations | 1 2 |  2.0
Hexes          | 1 2 |  2.0
Dodging        | |  1.7

Action                   |  1- 3 |  4- 6 |  7- 9 | 10-12 || total
-------------------------+-------+-------+-------+-------++-------
Melee: Unarmed           |    27 |    10 |    12 |       ||    49
       Tailslap          |     4 |     3 |     3 |       ||    10
 Cast: Magic Dart        |    66 |    33 |     2 |       ||   101
       Searing Ray       |     3 |    37 |    72 |       ||   112
       Iskenderun's Myst |       |       |    32 |     1 ||    33
 Abil: Breathe Lightning |       |       |     4 |       ||     4
Evoke: Wand              |       |       |     2 |     1 ||     3
Armor: Skin              |    13 |    15 |    52 |     1 ||    81
Dodge: Dodged            |    32 |    30 |    84 |     3 ||   149
